 Dungeon Crawl Stone Soup version 0.25-a0-668-gea548f19b6 (webtiles) character file.

Game seed: 1342927369512922841, levelgen mode: deterministic

93 Alarkh the Insei (level 4, 35/35 HPs)
             Began as a Demonspawn Monk on Mar 27, 2020.
             Got out of the dungeon alive.
             The game lasted 00:01:49 (1967 turns).

Alarkh the Insei (Demonspawn Monk)                  Turns: 1967, Time: 00:01:49

Health: 35/35      AC:  6    Str: 11    XL:     4   Next: 36%
Magic:  4/4        EV:  9    Int: 13    God:
Gold:   110        SH:  0    Dex: 15    Spells: 3/3 levels left

rFire    . . .     SeeInvis .     - Unarmed
rCold    . . .     Gourm    .   (no shield)
rNeg     . . .     Faith    .   k - +0 scale mail
rPois    .         Spirit   .   (no helmet)
rElec    .         Reflect  .   (no cloak)
rCorr    .         Harm     .   (no gloves)
MR       .....                  (no boots)
Stlth    +.........             (no amulet)
HPRegen  0.11/turn              (no ring)
MPRegen  0.09/turn              (no ring)

@: no status effects
A: talons 1, spiny 2
a: no special abilities


You escaped.
You were not hungry.

You visited 1 branch of the dungeon, and saw 3 of its levels.

You collected 110 gold pieces.

Inventory:

Armour
 a - a +0 robe
 k - a +0 scale mail (worn)
Scrolls
 c - a scroll of enchant weapon {unknown}
 d - a scroll of magic mapping {unknown}
 e - 3 scrolls of identify {unknown}
 g - a scroll of remove curse {unknown}
 h - a scroll of teleportation {unknown}
 m - a scroll of fog {unknown}
 n - a scroll of fear {unknown}
Potions
 f - a potion of lignification
 i - 2 potions of ambrosia {unknown}
 j - a potion of heal wounds {unknown}
Comestibles
 b - 6 rations
 l - 7 chunks of flesh


   Skills:
 - Level 3.0 Fighting
 - Level 2.6 Dodging
 - Level 1.7 Stealth
 + Level 4.7 Unarmed Combat


You had 3 spell levels left.
You didn't know any spells.
Your spell library was empty.

Dungeon Overview and Level Annotations

Branches:
Dungeon (3/15)

Altars:
Kikubaaqudgha


Innate Abilities, Weirdness & Mutations

You have sharp toenails.
You are mostly covered in sharp spines.


Message History

There is an open door here.
Things that are here:
2 boomerangs; an orc skeleton
Things that are here:
a +0 whip; a +0 scale mail; a jackal skeleton
Items here: )) [ ÷ a +0 flail; a +0 leather armour; a +0 flail; an orc skeleton
Things that are here:
a +0 hand axe of freezing; a jackal skeleton
There is a stone staircase leading up here.
You climb upwards.
There is a stone staircase leading down here.
You see here a hand axe.
There is a stone staircase leading up here.
You climb upwards.
There is a stone staircase leading down here.
There is a large open door here.
There is a staircase leading out of the dungeon here.
Are you sure you want to leave the Dungeon?
This will make you lose the game!
You have escaped!

### ##### ###
##.####.P.######@#
#.≈.##.≈.≈.#≈.P#.#
.≈≈≈..≈≈≈≈≈..≈..P#
≈≈≈≈≈≈≈≈≈≈≈≈≈≈≈.≈#
≈≈≈≈≈≈≈≈≈≈≈≈≈≈≈≈≈#
≈≈P≈≈≈≈P≈≈≈≈≈≈≈≈≈#
.≈PP≈≈PP≈P≈≈≈≈≈≈≈#
≈.PPP≈≈PP≈≈P≈PP≈≈#
##################


There were no monsters in sight!

Vanquished Creatures
  4 adders
  An ooze (D:3)
  A dart slug (D:1)
  5 orcs (D:3)
  A bat zombie (D:2)
  A giant cockroach (D:2)
  2 goblins (D:1)
  4 hobgoblins (D:2)
  4 jackals (D:3)
  2 quokkas (D:2)
  3 ball pythons
  3 bats
  8 frilled lizards
  5 kobolds
  3 rats (D:1)
  A rat zombie (D:2)
48 creatures vanquished.

Notes
Turn   | Place    | Note
-------+----------+-------------------------------------------
     0 | D:1      | Alarkh the Demonspawn Monk began the quest for the Orb.
     0 | D:1      | Reached XP level 1. HP: 18/18 MP: 1/1
     0 | D:1      | Upgraded the game from 0.25-a0-667-gb977e01cb5 to
                  | 0.25-a0-668-gea548f19b6
   150 | D:1      | Reached skill level 3 in Unarmed Combat
   250 | D:1      | Gained mutation: You are partially covered in sharp spines.
                  | [demonic ancestry]
   250 | D:1      | Reached XP level 2. HP: 11/24 MP: 2/2
   949 | D:2      | Found a faded altar of an unknown god.
  1058 | D:2      | Gained mutation: You are mostly covered in sharp spines.
                  | [demonic ancestry]
  1058 | D:2      | Reached XP level 3. HP: 29/29 MP: 3/3
  1081 | D:2      | Reached skill level 4 in Unarmed Combat
  1514 | D:2      | Found an ancient bone altar of Kikubaaqudgha.
  1754 | D:3      | Gained mutation: You have sharp toenails. [demonic
                  | ancestry]
  1754 | D:3      | Reached XP level 4. HP: 35/35 MP: 4/4
  1967 | D:$      | Got out of the dungeon alive.

Levels and vault maps discovered:
D:1:      lightli_arrival_windingriver, layout_loops_ring, minmay_lizard_pond
D:2:      layout_loops_corners, lemuel_zombie_altar_kikubaaqudgha, first_ration,
          chequers_ecumenical_altar_simple_redux
D:3:      layout_basic, nicolae_overflow_hidden_temple, trog_eyes_of_draining,
          gammafunk_ghost_grave

Skill      XL: |  1  2  3 |
---------------+----------+-----
Unarmed Combat | 3 4 |  4.7
Fighting       | |  3.0
Dodging        | |  2.6
Stealth        | |  1.7

Action                   |  1- 3 |  4- 6 || total
-------------------------+-------+-------++-------
Melee: Unarmed           |    90 |    20 ||   110
       Punch             |     1 |     1 ||     2
       Kick              |       |     7 ||     7
  Use: Potion            |     1 |       ||     1
 Stab: Sleeping          |     2 |       ||     2
  Eat: Chunk             |     3 |       ||     3
Armor: Skin              |     3 |       ||     3
       Robe              |     7 |       ||     7
       Scale mail        |    11 |     4 ||    15
Dodge: Dodged            |    50 |     9 ||    59

Table legend:
 A = Non-vault XP
 B = Vault XP
 C = Vault XP percentage of total XP
 D = Non-vault monster count
 E = Vault monster count
 F = Vault count percentage of total count
                 A         B        C        D         E       F
            +---------+---------+-------+---------+---------+-------
      Total |     125 |       8 |   6.0 |      41 |       7 |  14.6
            +---------+---------+-------+---------+---------+-------
        D:1 |      18 |       5 |  21.7 |      12 |       5 |  29.4
        D:2 |      63 |       3 |   4.5 |      17 |       2 |  10.5
        D:3 |      44 |       0 |   0.0 |      12 |       0 |   0.0
            +---------+---------+-------+---------+---------+-------
